cohdb
Replays
Latest Replays
All Replays
Popular Replays
Top Player Replays
Match Explorer
How It Works
Community
CoH3 Stats
Reddit
Sign in to upload your games and track your stats! →
Sign in with Steam
Match 32760093
Unlisted
Match 32760093
Overview
Messages
Build Orders
End
Vickers Machine Gun Team
Selects Heavy Armor Battlegroup
Royal Engineer Section
Construct Section Command Post
Vickers Machine Gun Team
Selects Engineer Detachments
Construct Platoon Command Post
ML 3-inch Mortar Team
Humber Armored Car
Royal Engineer Section
6-pounder Anti-tank Gun Team
Construct Company Command Post
Crusader II Medium Tank
Selects Crusader AA Medium Tank
Selects UNKNOWN (2162094)
Foot Guards Section
Vickers Machine Gun Team
Churchill IV Heavy Tank
Armored Vehicle Training
Selects Light Vehicle Withdraw and Refit
Selects Forward Repair Assembly
Churchill IV Heavy Tank
Microsoft Outlook
Microsoft Office Excel
Microsoft Office Word
ElZocko
Faffinir
clank44
0
0
Comments
sign in to comment!
No comments posted yet!